 Dungeon Crawl Stone Soup version 0.31-a0-1029-ge8c24b2130 (webtiles) character file.

Game seed: 922619675471345392

14313 Anon1729 the Warrior (level 11, -2/114 HPs)
             Began as a Minotaur Monk on Nov 18, 2023.
             Was an Elder of Trog.
             Killed from afar by an efreet (13 damage)
             ... with a bolt of fire
             ... on level 13 of the Dungeon.
             The game lasted 00:10:54 (10718 turns).

Anon1729 the Warrior (Minotaur Monk)               Turns: 10718, Time: 00:10:54

Health: -2/114     AC: 16    Str: 27    XL:     11   Next: 87%
Magic:  10/10      EV: 13    Int:  7    God:    Trog [****..]
Gold:   377        SH:  0    Dex: 12    Spells: 10/10 levels left

rFire   + . .        a - +3 hand axe (freeze)
rCold   . . .        d - orb {light}
rNeg    . . .        G - +0 chain mail
rPois   .            f - +1 hat
rElec   .            e - +1 cloak {rCorr}
rCorr   +            F - +0 pair of gloves
SInv    .            (no boots)
Will    .....        A - amulet of the acrobat Stlth
                     V - ring of protection from fire
HPRegen 0.39/turn    t - +6 ring of strength
MPRegen 0.12/turn

%: acrobat
@: glowing
A: horns 2, retaliatory headbutt
a: Renounce Religion, Berserk, Trog's Hand, Brothers in Arms


You were on level 13 of the Dungeon.
You worshipped Trog.
Trog was greatly pleased with you.
You visited 2 branches of the dungeon, and saw 13 of its levels.

You collected 690 gold pieces.
You spent 313 gold pieces at shops.

Inventory:

Hand Weapons
 a - a +3 hand axe of freezing (weapon)
 b - a +1 hand axe of flaming
Missiles
 s - a throwing net
Armour
 d - an orb of light (worn)
 e - a +1 cloak of preservation (worn)
 f - a +1 hat (worn)
 x - +0 acid dragon scales
 y - a +2 robe of willpower
 F - a +0 pair of gloves (worn)
 G - a +0 chain mail (worn)
Jewellery
 t - a +6 ring of strength (right hand)
 A - an amulet of the acrobat (around neck)
 D - a ring of protection from cold
 K - a ring of fire
 M - a +6 ring of dexterity
 V - a ring of protection from fire (left hand)
Wands
 u - a wand of roots (40)
 v - a wand of flame (33)
 z - a wand of polymorph (7)
 J - a wand of mindburst (19)
 O - a wand of acid (7)
Scrolls
 k - a scroll of vulnerability
 l - 4 scrolls of enchant weapon
 m - 6 scrolls of fear
 n - a scroll of immolation
 p - a scroll of noise
 r - a scroll of enchant armour {unknown}
 w - a scroll of silence
 C - 2 scrolls of teleportation
 E - a scroll of torment
 L - a scroll of revelation
 P - a scroll of butterflies
 T - a scroll of identify
 U - a scroll of acquirement {unknown}
Potions
 c - a potion of brilliance {unknown}
 g - 2 potions of attraction {unknown}
 h - 7 potions of curing
 i - 2 potions of heal wounds
 j - 2 potions of magic {unknown}
 o - 3 potions of might {unknown}
 q - a potion of berserk rage {unknown}
 B - 3 potions of cancellation {unknown}
 H - a potion of haste {unknown}
 I - 5 potions of degeneration {unknown}
 Q - 2 potions of lignification {unknown}
 R - a potion of resistance {unknown}
 S - 2 potions of invisibility {unknown}


   Skills:
 + Level 16.0 Fighting
 * Level 11.2 Axes
 + Level 9.8 Armour
 + Level 9.8 Dodging


You had 10 spell levels left.
You didn't know any spells.
Your spell library contained the following spells:

 Spells                   Type           Power      Damage    Failure   Level
 Apportation              Tloc           0%         N/A       86%         1
 Freeze                   Ice            0%         1d3       86%         1
 Necrotise                Necr           0%         1d4       86%         1
 Slow                     Hex            0%         N/A       86%         1
 Summon Small Mammal      Summ           0%         N/A       86%         1
 Ensorcelled Hibernation  Hex/Ice        0%         N/A       95%         2
 Jinxbite                 Hex            0%         N/A       95%         2
 Passwall                 Tmut/Erth      0%         N/A       95%         2
 Confusing Touch          Hex            0%         N/A       99%         3
 Frozen Ramparts          Ice            0%         1d1       99%         3
 Hailstorm                Conj/Ice       0%         3d3       99%         3
 Sigil of Binding         Hex            0%         N/A       99%         3
 Swiftness                Air            0%         N/A       99%         3
 Vampiric Draining        Necr           0%         2d6       99%         3
 Alistair's Intoxication  Tmut/Pois      0%         N/A       100%        5


Dungeon Overview and Level Annotations

Branches:
Dungeon (13/15)            Temple (1/1) D:6
   Lair: D:8-11         Orc: D:9-12      Vaults: D:13-14

Altars:
Ashenzari
Cheibriados
Dithmenos
Elyvilon
Fedhas
Gozag
Hepliaklqana
Kikubaaqudgha
Makhleb
Nemelex Xobeh
Okawaru
Qazlal
Ru
Sif Muna
Trog
Uskayaw
Vehumet
Wu Jian
Xom
Yredelemnul
Zin
The Shining One

Shops:
D:1 [   D:6 *   D:8 !   D:9 *


Innate Abilities, Weirdness & Mutations

You have a pair of horns on your head.
You reflexively headbutt those who attack you in melee.


Message History

The efreet gestures at you.
The fireball explodes!
The fireball engulfs you! You resist. The efreet gestures at you.
The fireball explodes!
The fireball engulfs you. You resist.
There is a stone staircase leading up here.
You completely miss the efreet. You slash the efreet! You freeze the efreet.
You headbutt the efreet, but do no damage.
The efreet is moderately wounded.
The efreet barely misses you.
You hit the efreet but do no damage.
The efreet is moderately wounded.
The efreet gestures at you. The bolt of fire hits you! You resist.
* * * LOW HITPOINT WARNING * * *
You hit the efreet. You freeze the efreet.
You headbutt the efreet, but do no damage.
The efreet is moderately wounded.
The efreet hits you but does no damage.
You hit the efreet. You freeze the efreet.
The efreet is heavily wounded.
You hit the efreet but do no damage. You headbutt the efreet.
The efreet is severely wounded.
The efreet gestures at you. The bolt of fire hits you! You resist.
* * * LOW HITPOINT WARNING * * *
You hit the efreet but do no damage. You headbutt the efreet!
The efreet is almost dead.
A slime creature comes into view.
The efreet hits you with a +2 scimitar of flaming!
* * * LOW HITPOINT WARNING * * *
A slime creature comes into view.
The slime creature quivers. x2
You hit the efreet but do no damage.
The efreet is almost dead.
You hit the efreet but do no damage.
The efreet is almost dead.
The efreet gestures at you. The bolt of fire hits you! You resist.
You die...

##################
.......<..........
.........<........
..........@.......
..........R.......
..................
..................
....J!............
...J..............
..............^..
...............


You could see 2 slime creatures and an efreet.

Vanquished Creatures
  A hydra (D:11)
  4 two-headed ogres
  A boulder beetle (D:12)
  A deep elf pyromancer (D:11)
  An ugly thing (D:11)
  2 cyclopes
  A manticore (D:11)
  2 unseen horrors (D:11)
  Psyche (D:8)
  A kobold demonologist (D:12)
  A komodo dragon (D:12)
  3 red devils (D:8)
  3 trolls
  Prince Ribbit (D:7)
  2 shadows (D:11)
  2 vampires
  A wraith (D:12)
  6 yaks (D:12)
  2 vampire mosquitoes (D:11)
  3 acid dragons
  An ice beast (D:5)
  A black bear (D:5)
  5 orc warriors
  An ogre (D:5)
  6 centaurs
  2 kobold brigands
  3 bullfrogs
  2 scorpions
  2 gnoll sergeants
  3 wights (D:8)
  5 killer bees (D:9)
  6 howler monkeys
  4 jellies
  8 orc priests
  A gnoll bouda (D:8)
  6 hounds
  A sleepcap (D:6)
  Jessica (D:3)
  3 iguanas
  13 orc wizards
  Natasha (thrice) (D:3)
  14 gnolls
  5 adders
  A shadow imp (D:5)
  A white imp (D:8)
  2 ufetubi (D:6)
  2 worms (D:3)
  3 dart slugs
  33 orcs
  5 bats
  7 endoplasms
  7 giant cockroaches
  2 hobgoblins
  18 kobolds
  3 quokkas (D:1)
  9 ball pythons
  7 frilled lizards
  10 goblins
  5 rats
250 creatures vanquished.

Notes
Turn   | Place    | Note
-------+----------+-------------------------------------------
     0 | D:1      | Anon1729 the Minotaur Monk began the quest for the Orb.
     0 | D:1      | Reached XP level 1. HP: 19/19 MP: 0/0
    89 | D:1      | Reached XP level 2. HP: 18/27 MP: 1/1
   232 | D:1      | Reached skill level 4 in Fighting
   556 | D:1      | Found Iviaxe's Armour Shoppe.
   758 | D:1      | Reached XP level 3. HP: 33/33 MP: 2/2
  1074 | D:2      | Reached skill level 13 in Fighting
  1074 | D:2      | Reached XP level 4. HP: 4/58 MP: 3/3
  1074 | D:2      | HP: 1/58 [orc wizard/magic dart (7)]
  1086 | D:2      | Reached skill level 1 in Armour
  1266 | D:2      | Reached XP level 5. HP: 64/64 MP: 4/4
  1654 | D:3      | Identified the "Fovyicvi"
  1654 | D:3      | Identified the "Desooz"
  1654 | D:3      | Identified the "Orphom"
  1654 | D:3      | Noticed Natasha
  1662 | D:3      | Killed Natasha
  1738 | D:3      | Noticed Natasha
  1747 | D:3      | Killed Natasha
  1911 | D:3      | Noticed Natasha
  1917 | D:3      | Killed Natasha
  2347 | D:3      | Noticed Jessica
  2355 | D:3      | Killed Jessica
  2356 | D:3      | Reached XP level 6. HP: 59/72 MP: 5/5
  2402 | D:3      | Found a shimmering blue altar of Sif Muna.
  2564 | D:3      | Found a faded altar of an unknown god.
  2573 | D:3      | Found an iron altar of Okawaru.
  2813 | D:4      | Found an ornate altar of the Wu Jian Council.
  2946 | D:4      | Found a shimmering altar of Xom.
  3097 | D:4      | Reached skill level 5 in Axes
  3237 | D:4      | Reached XP level 7. HP: 66/79 MP: 6/6
  3427 | D:5      | Entered Level 5 of the Dungeon
  4012 | D:5      | Reached skill level 5 in Dodging
  4164 | D:5      | Reached XP level 8. HP: 86/86 MP: 7/7
  4655 | D:6      | Found Huificku's Assorted Antiques.
  4659 | D:6      | Bought a scroll labelled ZIROKE SIFO for 23 gold pieces
  4659 | D:6      | Bought a purple potion for 20 gold pieces
  4659 | D:6      | Bought a clear potion for 20 gold pieces
  4784 | D:6      | Found a burning altar of Makhleb.
  4939 | D:6      | Found a staircase to the Ecumenical Temple.
  5110 | Temple   | Found a transporter.
  5110 | Temple   | Found a transporter.
  5110 | Temple   | Found a transporter.
  5110 | Temple   | Found a transporter.
  5110 | Temple   | Entered the Ecumenical Temple
  5140 | Temple   | Became a worshipper of Trog the Wrathful
  5140 | Temple   | Reached * piety under Trog
  5140 | Temple   | Reached ** piety under Trog
  5478 | D:7      | Noticed Prince Ribbit
  5492 | D:7      | Killed Prince Ribbit
  5627 | D:7      | Reached skill level 5 in Armour
  5633 | D:7      | Reached skill level 14 in Fighting
  5633 | D:7      | Reached XP level 9. HP: 75/95 MP: 8/8
  5846 | D:7      | Found a glowing silver altar of Zin.
  5846 | D:7      | Found a basalt altar of Yredelemnul.
  5852 | D:7      | Found a faded altar of an unknown god.
  5855 | D:7      | Found a faded altar of an unknown god.
  5857 | D:7      | Found a hazy altar of Hepliaklqana.
  6014 | D:1      | Bought a +1 cloak of preservation for 214 gold pieces
  6156 | D:8      | Noticed Psyche
  6165 | D:8      | Killed Psyche
  6248 | D:8      | Found Zampu's Distillery.
  6257 | D:8      | Bought a potion of curing for 36 gold pieces
  6475 | D:8      | Noticed a cyclops
  6485 | D:8      | Killed a cyclops
  7179 | D:8      | Noticed a red devil
  7186 | D:8      | Noticed a red devil
  7186 | D:8      | Noticed a red devil
  7189 | D:8      | Killed a red devil
  7196 | D:8      | Killed a red devil
  7197 | D:8      | Reached XP level 10. HP: 104/104 MP: 9/9
  7482 | D:8      | Noticed a two-headed ogre
  7493 | D:8      | Killed a two-headed ogre
  7493 | D:8      | Reached *** piety under Trog
  7939 | D:9      | Noticed a two-headed ogre
  7954 | D:9      | Killed a two-headed ogre
  8190 | D:9      | Reached skill level 15 in Fighting
  8291 | D:9      | Found Filiz's General Store.
  8299 | D:9      | Found a sparkling altar of Nemelex Xobeh.
  8589 | D:9      | You fall into a shaft and drop 3 floors!
  8761 | D:12     | Reached **** piety under Trog
  8957 | D:12     | Noticed a boulder beetle
  8968 | D:12     | Killed a boulder beetle
  8969 | D:12     | Reached XP level 11. HP: 77/112 MP: 10/10
  9071 | D:12     | Noticed a two-headed ogre
  9076 | D:12     | Killed a two-headed ogre
  9156 | D:12     | Found a shimmering altar of Xom.
  9156 | D:12     | Noticed a two-headed ogre
  9157 | D:12     | Found a shimmering altar of Xom.
  9177 | D:12     | Killed a two-headed ogre
  9279 | D:12     | Found a shimmering altar of Xom.
  9279 | D:12     | Found a shimmering altar of Xom.
  9281 | D:12     | Found a shimmering altar of Xom.
  9415 | D:12     | Reached skill level 10 in Axes
  9825 | D:11     | Noticed a red ugly thing
  9837 | D:11     | Killed a red ugly thing
 10008 | D:11     | Noticed a deep elf pyromancer
 10008 | D:11     | Identified the +4 trident "Ygeargho" {heavy, rPois}
 10016 | D:11     | Killed a deep elf pyromancer
 10249 | D:11     | Noticed a six-headed hydra
 10250 | D:11     | Noticed a death knight
 10514 | D:11     | Killed a one-headed hydra
 10515 | D:11     | Reached skill level 16 in Fighting
 10718 | D:13     | Killed from afar by an efreet

Illustrated notes

Levels and vault maps discovered:
D:1:      scummos_arrival_star, layout_loops_corners, serial_shops,
          nicolae_shop_window_shopping
D:2:      layout_basic, hangedman_decor_push
D:3:      wad_river_or_something, layout_basic,
          nicolae_overflow_ecumenical_swirl, tgw_sif, uniq_natasha
D:4:      layout_cave_pools, mainiacjoe_overflow_chevrons, dk_xom_monty_hall
D:5:      layout_basic, minmay_small_thing
D:6:      layout_cave_pools, lemuel_crystal_altar, temple_pool_b, serial_shops,
          nicolae_shop_back_alley_shop, hex_large
D:7:      layout_rooms, chequers_temple_overflow_minitemple, minivault_10,
          uniq_prince_ribbit1
D:8:      layout_layer_cave, serial_shops, shop,
          einodemon_armed_red_devil_minivault, uniq_psyche
D:9:      layout_layer_cave, nemelex_diamond_rough_becter, hiddenorc1_lemuel,
          serial_shops, shop
D:11:     minmay_the_grid_octo_triangle [minmay_the_grid_octo_teeth,
          minmay_the_grid_octo_prize_ultimate_mussel_roller,
          minmay_the_grid_octo_toaster], layout_rooms
D:12:     layout_roguey, xom_redecorated
D:13:     layout_long_grid, serial_shops, shop, vehumet_crystals
Temple:   hellmonk_temple_divided_pantheon

Skill      XL: |  1  2  3  4  5  6  7  8  9 10 11 |
---------------+----------------------------------+-----
Fighting       | 4 13 14 15 16 | 16.0
Axes           | 4 5 6 7 9 11 | 11.2
Armour         | 1 2 3 5 6 8 9 |  9.8
Dodging        | 4 5 6 7 8 9 |  9.8

Action                     |  1- 3 |  4- 6 |  7- 9 | 10-12 || total
---------------------------+-------+-------+-------+-------++-------
  Melee: Hand axe          |    43 |   127 |   186 |   247 ||   603
         Headbutt          |    16 |    25 |    47 |    81 ||   169
 Invoke: Berserk           |       |       |     2 |     1 ||     3
  Evoke: Wand              |       |       |       |     2 ||     2
    Use: Potion            |     2 |     1 |       |       ||     3
         Scroll            |       |       |     7 |     6 ||    13
   Stab: Paralysed         |       |       |     1 |       ||     1
 Armour: Robe              |    23 |    63 |    30 |       ||   116
         Chain mail        |       |       |   119 |   155 ||   274
         Acid dragon scale |       |       |       |    24 ||    24
  Dodge: Dodged            |    21 |    75 |   140 |   195 ||   431

Table legend: (Time is in decaauts)
 A = Elapsed time spent in this place.
 B = Non-inter-level travel time spent in this place.
 C = Inter-level travel time spent in this place.
 D = Time resting spent in this place.
 E = Time spent auto-exploring this place.
 F = Levels seen in this place.
 G = Mean time per level.
                   A        B        C        D        E       F      G
               +--------+--------+--------+--------+--------+-----+--------+
         Total |  10731 |  10120 |    611 |   1107 |   7584 |  13 |  825.5 |
       Dungeon |  10684 |  10089 |    595 |   1107 |   7584 |  12 |  890.3 |
        Temple |     46 |     31 |     15 |      0 |      0 |   1 |   46.0 |
               +--------+--------+--------+--------+--------+-----+--------+

Top non-repeatable levels by time:
     D:8: 1973 daAuts
    D:12: 1596 daAuts
     D:5: 1158 daAuts
     D:3: 1078 daAuts
     D:1: 1051 daAuts
     D:4: 783 daAuts
     D:7: 737 daAuts
     D:2: 700 daAuts
     D:6: 637 daAuts
    D:11: 483 daAuts
     D:9: 471 daAuts
  Temple: 46 daAuts
    D:13: 13 daAuts
